 Dungeon Crawl Stone Soup version 0.22-a0-3-g4fa69d9 (webtiles) character file.

3222 mortelune the Cleaver (level 9, -12/85 HPs)
             Began as a Deep Dwarf Fighter on Jan 1, 2018.
             Was a Follower of Makhleb.
             Mangled by a two-headed ogre
             ... wielding a cursed +0 giant spiked club
              (22 damage)
             ... on level 8 of the Dungeon.
             The game lasted 00:22:22 (7352 turns).

mortelune the Cleaver (Deep Dwarf Fighter)          Turns: 7352, Time: 00:22:23

Health: -12/85     AC: 18    Str: 23    XL:     9   Next: 66%
Magic:  7/7        EV:  6    Int:  9    God:    Makhleb [*.....]
Gold:   235        SH:  9    Dex: 12    Spells: 8/8 levels left

rFire    . . .     SeeInvis .   a - +0 war axe
rCold    . . .     Gourm    .   c - +0 shield
rNeg     + . .     Faith    .   i - +0 plate armour
rPois    .         Spirit   .   I - +0 helmet
rElec    .         Reflect  .   M - +1 cloak
rCorr    .         Harm     .   (no gloves)
MR       +....                  C - +0 pair of boots
Stlth    ..........             t - amulet of regeneration
HPRegen  0.00/turn              z - +2 ring of evasion
MPRegen  0.10/turn              H - ring of positive energy

@: non-regenerating
A: damage resistance, heal wounds, sense surroundings 2, no regeneration
a: Heal Wounds, Renounce Religion


You were on level 8 of the Dungeon.
You worshipped Makhleb.
Makhleb was aware of your devotion.
You were not hungry.

You visited 2 branches of the dungeon, and saw 9 of its levels.
You also visited: Ossuary.

You collected 235 gold pieces.

Inventory:

Hand Weapons
 a - a +0 war axe (weapon)
 b - a +0 hunting sling
 j - a +3 hand axe
Missiles
 n - 255 stones (quivered)
Armour
 c - a +0 shield (worn)
 i - a +0 plate armour (worn)
 l - a +0 scale mail
 C - a +0 pair of boots (worn)
 I - a +0 helmet (worn)
 M - a +1 cloak (worn)
Jewellery
 h - an uncursed amulet of magic regeneration
 t - an amulet of regeneration (around neck)
 z - a +2 ring of evasion (left hand)
 E - an uncursed ring of protection from fire
 H - a ring of positive energy (right hand)
Wands
 G - a wand of disintegration (19)
 J - a wand of paralysis (30)
Scrolls
 e - 3 scrolls of fear
 k - a scroll of enchant weapon {unknown}
 m - 5 scrolls of remove curse
 q - 3 scrolls of immolation {unknown}
 s - a scroll of magic mapping {unknown}
 u - 2 scrolls of noise {unknown}
 x - a scroll of teleportation {unknown}
 y - 2 scrolls of enchant armour {unknown}
 A - a scroll of brand weapon {unknown}
 B - a scroll of identify
 L - a scroll of torment {unknown}
Potions
 d - a potion of might
 g - a potion of invisibility {unknown}
 o - a potion of ambrosia {unknown}
 p - a potion of agility {unknown}
 r - 3 potions of flight
 v - 2 potions of mutation
 w - 2 potions of cancellation {unknown}
 D - a potion of berserk rage {unknown}
 F - a potion of haste {unknown}
Comestibles
 f - 16 rations
 K - 3 chunks of flesh


   Skills:
 + Level 6.5 Fighting
 * Level 10.3 Axes
 + Level 7.9 Armour
 - Level 3.2 Shields
 + Level 5.2 Invocations


You had 8 spell levels left.
You didn't know any spells.

Dungeon Overview and Level Annotations

Branches:
Dungeon (8/15)             Temple (1/1) D:5
   Lair: D:8-11

Altars:
Cheibriados
Dithmenos
Elyvilon
Fedhas
Gozag
Makhleb
Nemelex Xobeh
Qazlal
Ru
Trog
Uskayaw
Wu Jian
Xom
Yredelemnul
Zin
The Shining One


Innate Abilities, Weirdness & Mutations

You are resistant to damage.
You can heal yourself by infusing magical energy.
You passively map the area around you.
You do not regenerate.


Message History

You block the phantom's attack.
You hit the phantom.
The phantom is heavily damaged.
You block the phantom's attack. The phantom hits you.
The phantom blinks!
You block the phantom's attack.
The orc wizard hits you but does no damage.
You block the phantom's attack.
The sentinel's mark upon you fades away.
The orc wizard points at you and mumbles some strange words.
The magic dart hits you!
The centaur unwields an uncursed trident.
The centaur wields a shortbow.
The centaur shoots an arrow.
The arrow hits you.
* * * LOW HITPOINT WARNING * * *
The phantom hits you.
You see here an arrow.
The centaur shoots an arrow.
The arrow hits you!
* * * LOW HITPOINT WARNING * * *
You block the two-headed ogre's attack.
The two-headed ogre hits you with a giant spiked club!!
You die...

#gg..........# ..#.
#####........# ,
#.#. #........#
*#.#. #g.......# *
#... #........#*
#... #.g......'
*#...
#o.Oc....#######...
##OW.o.####........
#@########.####.#.
#.#.......<#....#.
#.#.######.#.##.#.
#.#.######.#....#.
#.#.....##.#######
#_#.....##.#......
#.#......#.#.#####
#.##.....#.#..o..#
#.##.....#.#.{.o..


You could see 2 two-headed ogres, a phantom, a centaur, an orc wizard, an orc, a
hobgoblin and a goblin.

Vanquished Creatures
  Pikel (D:5)
  2 hornets (D:7)
  A hippogriff (D:7)
  Eustachio (D:6)
  3 wargs (D:7)
  A slave (D:5)
  An orc warrior (D:7)
  The ghost of VTCobaltblood the Skirmisher, an amateur CeCK of Xom (D:3)
  A phantom (D:5)
  2 centaurs (D:7)
  A bullfrog (D:7)
  5 wights (D:7)
  3 centaur zombies (Ossuary)
  2 howler monkeys
  A jelly (D:7)
  A hound (D:4)
  An orc priest (D:8)
  A human zombie (Ossuary)
  A centaur skeleton (D:7)
  3 orc wizards (D:7)
  Jessica (D:3)
  3 iguanas
  3 worker ants
  A big kobold zombie (Ossuary)
  A hound zombie (D:7)
  2 mummies (Ossuary)
  12 adders
  11 gnolls
  A shadow imp (D:8)
  3 adder zombies (Ossuary)
  An ooze (D:1)
  2 worms
  2 dart slugs
  2 leopard geckos
  15 orcs
  3 ball pythons
  8 bats
  8 giant cockroaches
  5 goblins
  10 hobgoblins
  8 jackals
  4 quokkas
  2 frilled lizards
  A giant cockroach zombie (D:6)
  9 hobgoblin zombies (Ossuary)
  2 jackal zombies (Ossuary)
  3 kobolds
  7 kobold zombies (Ossuary)
  9 orc zombies (Ossuary)
  9 rats
  2 rat zombies (Ossuary)
183 creatures vanquished.

Vanquished Creatures (others)
  Blork the orc (D:5)
  An orc priest (D:5)
  An orc wizard (D:3)
  2 orcs (D:5)
5 creatures vanquished.

Grand Total: 188 creatures vanquished

Notes
Turn   | Place    | Note
-------+----------+-------------------------------------------
     0 | D:1      | mortelune the Deep Dwarf Fighter began the quest for the Orb.
     0 | D:1      | Reached XP level 1. HP: 20/20 MP: 1/1
   203 | D:1      | Reached XP level 2. HP: 27/27 MP: 2/2
   783 | D:1      | Reached skill level 3 in Axes
  1095 | D:2      | Found a snail-covered altar of Cheibriados.
  1096 | D:2      | Found a stormy altar of Qazlal.
  1196 | D:2      | Reached XP level 3. HP: 34/34 MP: 3/3
  1240 | D:2      | Found a glowing silver altar of Zin.
  1662 | D:2      | Reached XP level 4. HP: 42/42 MP: 4/4
  2011 | D:3      | Noticed VTCobaltblood's ghost (amateur CeCK)
  2035 | D:3      | Killed VTCobaltblood's ghost
  2035 | D:3      | Reached skill level 4 in Axes
  2035 | D:3      | Reached XP level 5. HP: 30/49 MP: 5/5
  2068 | D:3      | Noticed Jessica
  2094 | D:3      | Killed Jessica
  2339 | D:3      | Reached skill level 5 in Axes
  2484 | D:3      | Reached XP level 6. HP: 32/57 MP: 6/6
  3043 | D:4      | Reached skill level 5 in Armour
  3088 | D:4      | Found a sand-covered staircase.
  3093 | Ossuary  | Entered an ossuary
  3196 | Ossuary  | Reached skill level 6 in Axes
  3222 | Ossuary  | Reached XP level 7. HP: 28/64 MP: 6/6
  3467 | D:4      | Found an opulent altar of Gozag.
  3640 | D:4      | Found a bloodstained altar of Trog.
  3831 | D:5      | Entered Level 5 of the Dungeon
  4157 | D:5      | Found a staircase to the Ecumenical Temple.
  4190 | Temple   | Entered the Ecumenical Temple
  4244 | Temple   | Became a worshipper of Makhleb the Destroyer
  4402 | D:5      | Noticed Pikel
  4419 | D:5      | Killed Pikel
  4419 | D:5      | Reached skill level 5 in Fighting
  4419 | D:5      | Reached skill level 8 in Axes
  4419 | D:5      | Reached XP level 8. HP: 59/74 MP: 7/7
  4582 | D:5      | Killed Blork the orc
  4844 | D:5      | Found a shimmering altar of Xom.
  5636 | D:6      | Noticed Eustachio
  5651 | D:6      | Killed Eustachio
  5651 | D:6      | Reached skill level 1 in Invocations
  6209 | D:7      | Found a glowing golden altar of the Shining One.
  6243 | D:7      | Reached skill level 9 in Axes
  6254 | D:7      | Noticed a hornet
  6265 | D:7      | Paralysed by a hornet for 3 turns
  6267 | D:7      | HP: 3/76 [hornet (1)]
  6273 | D:7      | Paralysed by a hornet for 2 turns
  6285 | D:7      | Killed a hornet
  6285 | D:7      | Gained mutation: You passively map the area around you. [Deep Dwarf growth]
  6285 | D:7      | Reached XP level 9. HP: 38/82 MP: 10/10
  6584 | D:7      | Reached * piety under Makhleb
  6762 | D:7      | Found a sparkling altar of Nemelex Xobeh.
  6887 | D:8      | Noticed a two-headed ogre
  6902 | D:7      | Paralysed by a hornet for 3 turns
  6907 | D:7      | HP: 3/82 [poisoned by a hornet]
  6907 | D:7      | HP: 1/82 [hornet (2)]
  7072 | D:7      | Reached skill level 10 in Axes
  7106 | D:8      | HP: 3/85 [warg (8)]
  7111 | D:8      | Reached skill level 5 in Invocations
  7262 | D:8      | Found a hide-covered altar of Uskayaw.
  7323 | D:8      | Noticed a two-headed ogre
  7352 | D:8      | Mangled by a two-headed ogre

Vault maps used:
D:1:      matt_arrival_spirals
D:2:      zin_statuary, gammafunk_temple_overflow_statue
D:3:      kennysheep_generic_room_8, uniq_jessica
D:4:      lightli_temple_of_fire, nicolae_gozag_seed_capital, enter_ossuary_2,
          patterned_corridor
D:5:      marbit_many_paths, minmay_temple_entry_glassed_door, first_ration,
          uniq_blork_the_orc, uniq_pikel
D:6:      uniq_eustachio
D:7:      nicolae_overflow_hidden_temple, nicolae_tso_carved_into_rock
D:8:      overflow_temple_1_default, lemuel_zombie_altar_kikubaaqudgha,
          nicolae_overflow_crystal_walls, erik_lair_orcish_takeover,
          hangedman_pestilent_swarm, corexii_checkpoint_b
Temple:   jpeg_temple_clearing
Ossuary:  ossuary_tomb_1

Skill      XL: |  1  2  3  4  5  6  7  8  9 |
---------------+----------------------------+-----
Axes           | 3 4 5 6 8 9 10 | 10.3
Fighting       | 3 4 5 6 |  6.5
Armour         | 4 5 6 7 |  7.9
Invocations    | 3 5 |  5.2
Shields        | |  3.2

Action                   |  1- 3 |  4- 6 |  7- 9 || total
-------------------------+-------+-------+-------++-------
Melee: War axe           |   112 |   236 |   345 ||   693
       Hand axe          |       |       |    16 ||    16
 Fire: Hunting sling     |       |     3 |    12 ||    15
 Abil: Heal Wounds       |       |     2 |    10 ||    12
  Use: Scroll            |     2 |     2 |     4 ||     8
       Potion            |       |       |     7 ||     7
  Eat: Chunk             |     2 |     6 |     9 ||    17
       Ration            |       |       |     2 ||     2
Armor: Scale mail        |    15 |       |       ||    15
       Plate armour      |    60 |   124 |   250 ||   434
Dodge: Dodged            |    27 |    36 |    85 ||   148
Block: Shield            |    65 |   137 |   201 ||   403

Table legend:
 A = Spawn XP
 B = Non-spawn XP
 C = Spawn XP percentage of total XP
 D = Spawn monster count
 E = Non-spawn monster count
 F = Spawn count percentage of total count
 G = Total turns spent on level
                    A         B        C        D         E        F      G
               +---------+---------+-------+---------+---------+-------+---------
         Total |       0 |    4604 |   0.0 |       0 |     183 |   0.0 |  7352
               +---------+---------+-------+---------+---------+-------+---------
           D:1 |       0 |      28 |   0.0 |       0 |      15 |   0.0 |  1009
           D:2 |       0 |      71 |   0.0 |       0 |      25 |   0.0 |   885
           D:3 |       0 |     306 |   0.0 |       0 |      33 |   0.0 |   826
           D:4 |       0 |     233 |   0.0 |       0 |      19 |   0.0 |   810
           D:5 |       0 |     850 |   0.0 |       0 |       4 |   0.0 |  1098
           D:6 |       0 |     323 |   0.0 |       0 |       9 |   0.0 |   824
           D:7 |       0 |    2408 |   0.0 |       0 |      36 |   0.0 |  1320
           D:8 |       0 |      91 |   0.0 |       0 |       3 |   0.0 |   206
       Ossuary |       0 |     294 |   0.0 |       0 |      39 |   0.0 |   301
               +---------+---------+-------+---------+---------+-------+---------
